 Dungeon Crawl Stone Soup version 0.29-a0-653-gd47aff6735 (webtiles) character file.

Game seed: 7772372859225345368

117 DocClef the Skirmisher (level 5, -2/46 HPs)
             Began as a Formicid Fighter on June 21, 2022.
             Succumbed to an orc wizard's poison
             ... on level 3 of the Dungeon.
             The game lasted 00:03:29 (1795 turns).

DocClef the Skirmisher (Formicid Fighter)           Turns: 1795, Time: 00:03:29

Health: -2/46      AC: 11    Str: 23    XL:     5   Next: 22%
Magic:  5/5        EV:  7    Int:  5    God:
Gold:   96         SH:  5    Dex: 13    Spells: 4/4 levels left

rFire   + . .      SeeInvis +   a - +1 war axe (vorpal)
rCold   . . .      Faith    .   c - +0 buckler
rNeg    . . .      Spirit   .   m - +0 plate armour
rPois   .          Reflect  .   (helmet unavailable)
rElec   .          Harm     .   (no cloak)
rCorr   .          Rampage  .   (no gloves)
Will    .....                   (no boots)
Stlth   ..........              j - amulet of the acrobat
HPRegen 0.15/turn               (no ring)
MPRegen 0.09/turn               (no ring)

@: lethally poisoned (-2 -> -20)
A: permanent stasis, dig shafts and tunnels, antennae 3, four strong arms, dopey
1, fire resistance 1, sturdy frame 1
a: Dig, Shaft Self


You were on level 3 of the Dungeon.
You visited 1 branch of the dungeon, and saw 3 of its levels.

You collected 96 gold pieces.

Inventory:

Hand Weapons
 a - a +1 vorpal war axe (weapon)
Armour
 c - a +0 buckler (worn)
 m - a +0 plate armour (worn)
Jewellery
 j - an amulet of the acrobat (around neck)
Wands
 o - a wand of flame (19)
 q - a wand of paralysis (9)
Scrolls
 r - a scroll of identify
Potions
 b - a potion of heal wounds {unknown}
 d - a potion of might
 e - a potion of mutation
 g - a potion of curing
 h - a potion of ambrosia {unknown}
 k - a potion of brilliance {unknown}
 n - a potion of flight {unknown}
 p - a potion of degeneration {unknown}


   Skills:
 + Level 6.1 Fighting
 - Level 2.0 Axes
 - Level 3.2 Armour
 - Level 4.0 Shields


You had 4 spell levels left.
You didn't know any spells.
Your spell library was empty.

Dungeon Overview and Level Annotations

Branches:
Dungeon (3/15)

Altars:


Innate Abilities, Weirdness & Mutations

You cannot be hasted, slowed, berserked, paralysed or teleported.
You can dig through walls and to a lower floor.
You have a pair of large antennae on your head. (SInv)
Your four strong arms can wield two-handed weapons with a shield.
You are dopey. (Int -2)
Your flesh is heat resistant. (rF+)
Your movements are slightly less encumbered by armour. (ER -2)


Message History

* * * LOW HITPOINT WARNING * * *
You feel very sick.
The orc wizard hits you but does no damage.
You are more poisoned.
The orc wizard points at you and mumbles some strange words.
The magic dart hits you.
* * * LOW HITPOINT WARNING * * *
You feel better.
The orc wizard hits you but does no damage.
You are poisoned.
You hit the orc wizard.
The orc wizard is heavily wounded.
You feel very sick. The orc wizard casts a spell at you.
The magic dart hits you but does no damage.
The orc wizard gestures at you while chanting.
The puff of flame misses you.
You closely miss the orc wizard.
The orc wizard is heavily wounded.
You feel sick. The orc wizard barely misses you.
Unknown command.
You barely miss the orc wizard.
The orc wizard is heavily wounded.
You feel sick.
The orc wizard hits you with a +0 dagger of venom.
* * * LOW HITPOINT WARNING * * *
The orc wizard hits you but does no damage.
You are lethally poisoned!
You barely miss the orc wizard.
The orc wizard is heavily wounded.
You hit the orc.
* * * LOW HITPOINT WARNING * * *
You feel very sick.
The orc wizard hits you but does no damage.
You are more poisoned.
You hit the orc wizard.
You kill the orc wizard!
You closely miss the orc.
You feel your willpower return.
You die...

### .## #.. ..
#.# .# #.###.# .
#.#...# #
....###....###.#
....'o.o.@.....#
....###.)o..####
. ##.##.##)##
#.##...##.#
##.##.##.## #+#
#.#.#.## #.#
#...## #.######
##.##
######.##...#
#.#


You could see an orc wizard and 2 orcs.

Vanquished Creatures
  Ijyb (D:3)
  An orc wizard (D:3)
  2 adders
  4 bats
  9 endoplasms
  3 giant cockroaches
  3 goblins
  6 hobgoblins
  16 jackals
  A quokka (D:1)
  3 ball pythons
  A frilled lizard (D:2)
  7 kobolds
  12 rats
69 creatures vanquished.

Notes
Turn   | Place    | Note
-------+----------+-------------------------------------------
     0 | D:1      | DocClef the Formicid Fighter began the quest for the Orb.
     0 | D:1      | Reached XP level 1. HP: 18/18 MP: 1/1
    82 | D:1      | Reached XP level 2. HP: 25/25 MP: 2/2
   134 | D:1      | Reached skill level 4 in Fighting
   258 | D:1      | Reached XP level 3. HP: 30/31 MP: 3/3
   872 | D:2      | Reached skill level 5 in Fighting
   894 | D:2      | Gained mutation: You are dopey. (Int -2) [potion of
                  | mutation]
   894 | D:2      | Gained mutation: Your flesh is heat resistant. (rF+)
                  | [potion of mutation]
   894 | D:2      | Gained mutation: Your movements are slightly less
                  | encumbered by armour. (ER -2) [potion of mutation]
   960 | D:2      | Reached XP level 4. HP: 39/39 MP: 4/4
  1358 | D:3      | Noticed Ijyb
  1367 | D:3      | Killed Ijyb
  1368 | D:3      | Reached XP level 5. HP: 26/46 MP: 5/5
  1692 | D:3      | Reached skill level 6 in Fighting
  1795 | D:3      | Succumbed to an orc wizard's poison

Illustrated notes

Levels and vault maps discovered:
D:1:      dpeg_arrival_ratfight, layout_basic, minmay_statues_item
D:2:      layout_rooms
D:3:      layout_loops_corners, uniq_ijyb

Skill      XL: |  1  2  3  4  5 |
---------------+----------------+-----
Fighting       | 4 5 6 |  6.1
Axes           | |  2.0
Armour         | |  3.2
Shields        | |  4.0

Action                   |  1- 3 |  4- 6 || total
-------------------------+-------+-------++-------
Melee: War axe           |    82 |    58 ||   140
  Use: Scroll            |     3 |     4 ||     7
       Potion            |     1 |     2 ||     3
Armor: Scale mail        |    23 |       ||    23
       Chain mail        |    18 |       ||    18
       Plate armour      |       |    41 ||    41
Dodge: Dodged            |    46 |    35 ||    81
Block: Buckler           |    20 |    14 ||    34

Table legend: (Time is in decaauts)
 A = Elapsed time spent in this place.
 B = Non-inter-level travel time spent in this place.
 C = Inter-level travel time spent in this place.
 D = Time resting spent in this place.
 E = Time spent auto-exploring this place.
 F = Levels seen in this place.
 G = Mean time per level.
                   A        B        C        D        E       F      G
               +--------+--------+--------+--------+--------+-----+--------+
         Total |   1854 |   1828 |     26 |      0 |   1391 |   3 |  618.0 |
       Dungeon |   1854 |   1828 |     26 |      0 |   1391 |   3 |  618.0 |
               +--------+--------+--------+--------+--------+-----+--------+

Top non-repeatable levels by time:
     D:1: 700 daAuts
     D:2: 688 daAuts
     D:3: 466 daAuts
